 Dungeon Crawl Stone Soup version 0.31.0-11-ge490571c62 (webtiles) character file.

Game seed: 1431157568719735998

56 mainiacjoe the Digger (level 3, -1/16 HPs)
             Began as a Vine Stalker Earth Elementalist on Jan 27, 2024.
             Slain by a gnoll
             ... wielding a +0 club
              (3 damage)
             ... on level 2 of the Dungeon.
             The game lasted 00:05:21 (1525 turns).

mainiacjoe the Digger (VSEE)                        Turns: 1525, Time: 00:05:21

Health: -1/16      AC:  5    Str: 10    XL:     3   Next: 95%
Magic:  0/8        EV: 12    Int: 17    God:
Gold:   40         SH:  0    Dex: 14    Spells: 3/8 levels left

rFire   . . .        a - +0 short sword
rCold   . . .        (no shield)
rNeg    . . .        g - +0 robe
rPois   .            (no helmet)
rElec   .            (no cloak)
rCorr   .            (no gloves)
SInv    .            h - +2 pair of boots
Will    .....        (no amulet)
Stlth   ++           (no ring)
HPRegen 1.02/turn    (no ring)
MPRegen 0.11/turn

%: guardian spirit
@: no status effects
A: fangs 2, regeneration 1, magic shield, antimagic bite, no potion heal 2
a: no special abilities


You were on level 2 of the Dungeon.
You visited 1 branch of the dungeon, and saw 2 of its levels.

You collected 97 gold pieces.
You spent 57 gold pieces at shops.

Inventory:

Hand Weapons
 a - a +0 short sword (weapon)
 b - a +0 dagger
Missiles
 f - 7 stones
Armour
 g - a +0 robe (worn)
 h - a +2 pair of boots (worn)
Magical Staves
 j - a staff of alchemy
Scrolls
 k - a scroll of teleportation
 n - a scroll of vulnerability
Potions
 c - a potion of curing {unknown}
 d - a potion of magic
 e - 2 potions of cancellation
 i - a potion of brilliance {unknown}
 l - a potion of lignification {unknown}
 m - a potion of haste {unknown}
 o - a potion of berserk rage {unknown}


   Skills:
 - Level 1.5 Dodging
 - Level 2.4 Stealth
 - Level 3.0 Spellcasting
 + Level 2.2 Conjurations
 + Level 3.6 Earth Magic


You had 3 spell levels left.
You knew the following spells:

 Your Spells              Type           Power      Damage    Failure   Level
a - Sandblast             Erth           28%        2d8       4%          1
b - Magic Dart            Conj           40%        1d5       7%          1
c - Stone Arrow           Conj/Erth      24%        3d8       16%         3

Your spell library contained the following spells:

 Spells                   Type           Power      Damage    Failure   Level
 Passwall                 Erth           14%        N/A       12%         3
 Blink                    Tloc           4%         N/A       26%         2
 Call Imp                 Summ           4%         N/A       26%         2
 Brom's Barrelling Bould  Conj/Erth      12%        2d4       45%         4
 Petrify                  Alch/Erth      8%         N/A       63%         4


Dungeon Overview and Level Annotations

Branches:
Dungeon (2/15)

Altars:

Shops:
D:1 ?[(*


Innate Abilities, Weirdness & Mutations

You have extremely sharp teeth.
Your natural rate of healing is unusually fast.
When hurt, damage is shared between your health and your magic reserves.
Your bite disrupts and absorbs the magic of your enemies.
Potions cannot restore your health.


Message History

The gnoll hits you with a +0 club!
Casting: Sandblast (safe; 4% risk of failure)
Confirm with . or Enter, or press ? or * to list all spells.
Aiming: Sandblast (safe; 4% risk of failure)
Press: ? - help, Shift-Dir - straight line, f/p - gnoll
Aim: a gnoll, wielding a +0 club (almost dead, 84% to hit)
The blast of sand misses the gnoll.
The blast of sand hits the gnoll.
You kill the gnoll!
The gnoll closely misses you. x2
Training target 3.0 for Spellcasting reached!
Your Spellcasting skill increases to level 3!
Casting: Sandblast (safe; 4% risk of failure)
Confirm with . or Enter, or press ? or * to list all spells.
You don't have enough magic to cast this spell.
Unknown command.
You hit the gnoll.
The gnoll is moderately wounded.
The gnoll barely misses you.
You closely miss the gnoll.
The gnoll is moderately wounded.
The gnoll closely misses you.
You hit the gnoll but do no damage.
The gnoll is moderately wounded.
The gnoll hits you with a +0 club.
You hit the gnoll but do no damage. Your bite misses the gnoll.
The gnoll is moderately wounded.
The gnoll misses you.
Casting: Sandblast (safe; 4% risk of failure)
Confirm with . or Enter, or press ? or * to list all spells.
Aiming: Sandblast (safe; 4% risk of failure)
Press: ? - help, Shift-Dir - straight line, f - gnoll
Aim: a gnoll, wielding a +0 club, wearing a +0 chain mail and quivering stones (moderately wounded, 89% to hit)
The blast of sand hits the gnoll but does no damage.
The gnoll is moderately wounded.
The gnoll hits you with a +0 club!
* * * LOW HITPOINT WARNING * * *
You hit the gnoll but do no damage.
The gnoll is moderately wounded.
The gnoll hits you with a +0 club.
You die...

###...........#########.........#
#.......................#..##.#
#..#........##.##########..##.#
#...........+......... ........
#...........##.####### ###.##.#
#>............÷....... .#.#
##.####.######.######## .#.# #.#
#................ #.#
#.###########@######## ..
#...........#g##.....# ..
###########.#$##.....# †.
#.#.##.....# ########
#.#.##.....##
#......####.#..'†.....#
#.........#.####......#
#.........#.####......#
#.........#.......g...#


You could see a gnoll.

Vanquished Creatures
  2 gnolls (D:2)
  A dart slug (D:1)
  A ribbon worm (D:2)
  3 bats
  3 endoplasms (D:1)
  A goblin (D:1)
  2 hobgoblins
  4 quokkas
  6 ball pythons
  3 frilled lizards (D:1)
  2 kobolds (D:1)
  4 rats (D:1)
32 creatures vanquished.

Notes
Turn   | Place    | Note
-------+----------+-------------------------------------------
     0 | D:1      | mainiacjoe the Vine Stalker Earth Elementalist began the
                  | quest for the Orb.
     0 | D:1      | Reached XP level 1. HP: 9/9 MP: 4/4
   286 | D:1      | Found Futucvuo's Armour Emporium.
   360 | D:1      | Reached XP level 2. HP: 13/13 MP: 4/6
   521 | D:1      | Found Hoboak's Weapon Boutique.
   837 | D:1      | Found Pong's General Store.
   846 | D:1      | Bought a scroll of identify for 24 gold pieces
   849 | D:1      | Learned a level 1 spell: Magic Dart
   909 | D:1      | Reached XP level 3. HP: 16/16 MP: 2/8
   961 | D:1      | Found a faded altar of an unknown god.
  1036 | D:1      | Found Umulibeuca's Magic Scroll Shop.
  1041 | D:1      | Bought a scroll of teleportation for 33 gold pieces
  1311 | D:2      | Learned a level 3 spell: Stone Arrow
  1525 | D:2      | Slain by a gnoll

Illustrated notes

Levels and vault maps discovered:
D:1:      minmay_arrival_loop, layout_loops_ring,
          shapermc_ecumenical_altar_acropolis, serial_shops, shop,
          nicolae_shop_real_fake_doors, nicolae_shop_bloodbath_and_beyond,
          shop_statue, chequers_serial_rivers_small_b, minmay_tromino_v2
D:2:      layout_basic, dreamdust_wishing_well, uniq_crazy_yiuf_cottage

Skill      XL: |  1  2  3 |
---------------+----------+-----
Conjurations   | 2 |  2.2
Spellcasting   | 3 |  3.0
Dodging        | |  1.5
Stealth        | |  2.4
Earth Magic    | |  3.6

Action                     || total
---------------------------++-------
  Melee: Short sword       ||    13
         Bite              ||     3
   Cast: Sandblast         ||    40
         Magic Dart        ||    14
    Use: Scroll            ||     4
 Armour: Robe              ||    11
  Dodge: Dodged            ||    13
